[Event "4NCL 2021-22"]
[Site "England"]
[Date "2022.03.26"]
[Round "5.55"]
[White "Arora, Tashika"]
[Black "Khoury, Theo"]
[Result "0-1"]
[ECO "A67"]
[WhiteElo "1823"]
[BlackElo "2011"]
[Annotator "ChessBase"]
[PlyCount "158"]
[EventDate "2021.11.27"]
[EventType "team-tourn"]
[EventCountry "ENG"]
[SourceTitle "playchess.com"]
[Source "ChessBase"]
[SourceQuality "1"]
[TimeControl "40/6000+30:3000+30"]

1. d4 Nf6 2. c4 c5 3. d5 e6 4. Nc3 exd5 5. cxd5 d6 6. e4 g6 7. f4 Bg7 8. Bb5+ Nfd7 9. Bd3 O-O 10. Nf3 Nf6 11. O-O Bg4 12. Be3 Nbd7 13. h3 Bxf3 14. Qxf3 a6 15. a4 Qa5 16. Qe2 Rfe8 17. Kh2 c4 18. Bc2 Rac8 19. f5 Nc5 20. fxg6 fxg6 21. Bf4 Qd8 22. g4 Qe7 23. Qg2 Nfd7 24. Rae1 Be5 25. Kh1 Bxf4 26. Rxf4 Ne5 27. Ref1 Rf8 28. g5 Rxf4 29. Rxf4 Rf8 30. Ne2 Ned3 31. Bxd3 cxd3 32. Rxf8+ Qxf8 33. Nc3 Qf4 34. a5 d2 35. Qe2 Qxg5 36. b4 Nd7 37. Nb1 Qe3 38. Qxe3 d1=Q+ 39. Qg1 Qd3 40. Qe1 Qxh3+ 41. Kg1 Ne5 42. Nd2 Qg4+ 43. Kf1 Nd3 44. Qe3 Nf4 45. Nc4 Qg2+ 46. Ke1 Qg5 47. Kd1 Qf6 48. Kc2 Ng2 49. Qg3 Qd4 50. Nxd6 Ne3+ 51. Kb3 Qd3+ 52. Ka2 Qc2+ 53. Ka3 Nd1 54. Qe5 Qc1+ 55. Kb3 Qb1+ 56. Ka3 Qd3+ 57. Ka2 Nc3+ 58. Kb3 Nxd5+ 59. Kb2 Qd2+ 60. Kb3 Qxb4+ 61. Kc2 Qc5+ 62. Kb3 Qe3+ 63. Kc4 Nc7 64. Qe7 Qe2+ 65. Kb4 Nd5+ 66. exd5 Qxe7 67. Kc5 Qc7+ 68. Kd4 Qxd6 69. Ke4 Qb4+ 70. Ke5 Qxa5 71. Ke6 Qd8 72. d6 a5 73. Kd5 a4 74. Kc4 Qxd6 75. Kb5 a3 76. Kc4 a2 77. Kb5 a1=Q 78. Kc4 Qdd4+ 79. Kb5 Qa6# 0-1

[Event "4NCL 2021-22"]
[Site "England"]
[Date "2022.03.26"]
[Round "5.56"]
[White "Bennett, Patrick"]
[Black "Zakarian, Dimitrios Levon"]
[Result "1/2-1/2"]
[ECO "A30"]
[WhiteElo "1963"]
[BlackElo "1962"]
[Annotator "NA"]
[PlyCount "54"]
[EventDate "2021.11.27"]
[EventType "team-tourn"]
[EventCountry "ENG"]
[SourceTitle "playchess.com"]
[Source "ChessBase"]
[SourceQuality "1"]
[TimeControl "40/6000+30:3000+30"]

1. Nf3 Nf6 2. c4 e6 3. g3 b6 4. Bg2 Bb7 5. b3 Be7 6. Bb2 O-O 7. O-O c5 8. e3 Qc7 9. Nc3 a6 10. Rc1 d6 11. d4 Nbd7 12. Qc2 Rac8 13. Rfd1 cxd4 14. exd4 Rfe8 15. Qd3 e5 16. Nd5 Qb8 17. dxe5 Nxe5 18. Nxe5 dxe5 19. Bxe5 Qxe5 20. Re1 Qg5 21. Nxf6+ Qxf6 22. Bxb7 Rcd8 23. Qf3 Qxf3 24. Bxf3 Bb4 25. Rxe8+ Rxe8 26. Rd1 Re1+ 27. Rxe1 Bxe1 1/2-1/2

[Event "4NCL 2021-22"]
[Site "England"]
[Date "2022.03.26"]
[Round "5.58"]
[White "Murphy, Hugh W"]
[Black "McKay, Roderick M"]
[Result "1/2-1/2"]
[ECO "B40"]
[WhiteElo "2107"]
[BlackElo "2208"]
[Annotator "ChessBase"]
[PlyCount "80"]
[EventDate "2021.11.27"]
[EventType "team-tourn"]
[EventCountry "ENG"]
[SourceTitle "playchess.com"]
[Source "ChessBase"]
[SourceQuality "1"]
[TimeControl "40/6000+30:3000+30"]

1. e4 c5 2. Nf3 e6 3. b4 d6 4. bxc5 dxc5 5. Nc3 Nc6 6. Bb5 Bd7 7. O-O Nge7 8. Bb2 a6 9. Bxc6 Nxc6 10. Re1 e5 11. Nd5 Bd6 12. Ne3 Be6 13. d3 O-O 14. h3 f6 15. Nh4 g6 16. Qf3 f5 17. g3 f4 18. Nc4 Bc7 19. Qg2 b5 20. Nd2 Nb4 21. Ndf3 Nxc2 22. gxf4 Qf6 23. Rec1 Nxa1 24. Bxa1 c4 25. f5 Bf7 26. d4 Rfe8 27. dxe5 Bxe5 28. Nxe5 Rxe5 29. Nf3 c3 30. Nxe5 Qxe5 31. Bxc3 Qf4 32. Re1 Rd8 33. Bf6 Re8 34. Re3 Rc8 35. Re1 Re8 36. Bg5 Qe5 37. a3 a5 38. Re3 b4 39. axb4 axb4 40. Qg3 Qxg3+ 1/2-1/2

[Event "4NCL 2021-22"]
[Site "England"]
[Date "2022.03.26"]
[Round "5.59"]
[White "Morrison, Graham"]
[Black "Modi, Shyam Jagdish"]
[Result "1/2-1/2"]
[ECO "E94"]
[WhiteElo "2258"]
[BlackElo "2128"]
[Annotator "ChessBase"]
[PlyCount "51"]
[EventDate "2021.11.27"]
[EventType "team-tourn"]
[EventCountry "ENG"]
[SourceTitle "playchess.com"]
[Source "ChessBase"]
[SourceQuality "1"]
[TimeControl "40/6000+30:3000+30"]

1. d4 Nf6 2. c4 g6 3. Nc3 Bg7 4. e4 d6 5. Nf3 O-O 6. Be2 Nbd7 7. O-O e5 8. Be3 Re8 9. Qc2 c6 10. d5 Ng4 11. Bg5 f6 12. Bh4 Nh6 13. Rad1 c5 14. Ne1 Rf8 15. g4 a6 16. Kh1 Qe8 17. Rg1 Kh8 18. Nd3 Nb6 19. Qb3 Nd7 20. a4 Nf7 21. Rg2 Qe7 22. Rdg1 Bh6 23. Qc2 Ng5 24. Rg3 Nf7 25. R3g2 Ng5 26. Rg3 1/2-1/2

[Event "4NCL 2021-22"]
[Site "England"]
[Date "2022.03.26"]
[Round "5.60"]
[White "Milson, Samuel A"]
[Black "Berry, Neil"]
[Result "1/2-1/2"]
[ECO "C56"]
[WhiteElo "2145"]
[BlackElo "2267"]
[Annotator "ChessBase"]
[PlyCount "65"]
[EventDate "2021.11.27"]
[EventType "team-tourn"]
[EventCountry "ENG"]
[SourceTitle "playchess.com"]
[Source "ChessBase"]
[SourceQuality "1"]
[TimeControl "40/6000+30:3000+30"]

1. e4 e5 2. Nf3 Nc6 3. Bc4 Nf6 4. d4 exd4 5. e5 d5 6. Bb5 Ne4 7. Nxd4 Bc5 8. Be3 O-O 9. Nxc6 bxc6 10. Bxc5 Nxc5 11. Bxc6 Rb8 12. Qxd5 Qe7 13. O-O Rxb2 14. Nc3 Rxc2 15. Qd4 Ne6 16. Qd3 Rb2 17. Nd5 Qc5 18. Rac1 Qd4 19. Qf5 Qh4 20. g3 Nd4 21. Qd3 Qg4 22. Ne7+ Kh8 23. Rc4 Ne2+ 24. Kh1 Ba6 25. Qxh7+ Kxh7 26. Re4 Qf4 27. Rxf4 g6 28. Rg4 Bc4 29. Re1 Bd3 30. Be4 Bc4 31. Bf3 Bd3 32. Be4 Bc4 33. Bf3 1/2-1/2

[Event "4NCL 2021-22"]
[Site "England"]
[Date "2022.03.26"]
[Round "5.61"]
[White "Olson, Hamish"]
[Black "Lentzos, Ioanis"]
[Result "1/2-1/2"]
[ECO "D23"]
[WhiteElo "2296"]
[BlackElo "2104"]
[Annotator "ChessBase"]
[PlyCount "126"]
[EventDate "2021.11.27"]
[EventType "team-tourn"]
[EventCountry "ENG"]
[SourceTitle "playchess.com"]
[Source "ChessBase"]
[SourceQuality "1"]
[TimeControl "40/6000+30:3000+30"]

1. d4 d5 2. Nf3 Nf6 3. c4 c6 4. Qb3 dxc4 5. Qxc4 Bf5 6. g3 e6 7. Bg2 Be7 8. O-O O-O 9. Qb3 Qb6 10. Nbd2 Rd8 11. Nc4 Qa6 12. Bf4 Be4 13. Rfd1 c5 14. dxc5 Nbd7 15. Bd6 Nxc5 16. Bxc5 Bxc5 17. a4 b6 18. Nfe5 Bxg2 19. Kxg2 Qb7+ 20. Qf3 Qxf3+ 21. Kxf3 Nd5 22. Nd3 Be7 23. Nce5 Rdc8 24. e4 Nb4 25. Nxb4 Bxb4 26. Rac1 f6 27. Nd3 Bd6 28. b4 Kf7 29. Ke3 a5 30. Rxc8 Rxc8 31. bxa5 bxa5 32. Rc1 Rxc1 33. Nxc1 Bc5+ 34. Ke2 Ke7 35. Nd3 Bd4 36. h4 Kd6 37. h5 f5 38. f3 g6 39. hxg6 hxg6 40. Kd2 fxe4 41. fxe4 Ke7 42. Ke2 Kf6 43. Ne1 Ke5 44. Kd3 Bf2 45. Nf3+ Kd6 46. g4 Kc5 47. Ne5 Kb4 48. Nxg6 Kxa4 49. Kc4 Ka3 50. Nf4 a4 51. Kc3 Be1+ 52. Kc2 Bg3 53. Nd3 Bh4 54. Kc3 Be7 55. Kc2 Bf6 56. e5 Bg5 57. Kc3 Bh4 58. Kc2 Bg5 59. Nc5 Bf4 60. Nxe6 Bxe5 61. Nc5 Bf6 62. g5 Bxg5 63. Nxa4 Kxa4 1/2-1/2

[Event "4NCL 2021-22"]
[Site "England"]
[Date "2022.03.26"]
[Round "5.62"]
[White "McCarthy, Kevin C"]
[Black "Shafi, Declan"]
[Result "0-1"]
[ECO "D00"]
[WhiteElo "2012"]
[BlackElo "2188"]
[Annotator "ChessBase"]
[PlyCount "120"]
[EventDate "2021.11.27"]
[EventType "team-tourn"]
[EventCountry "ENG"]
[SourceTitle "playchess.com"]
[Source "ChessBase"]
[SourceQuality "1"]
[TimeControl "40/6000+30:3000+30"]

1. d4 Nf6 2. Bf4 g6 3. Nc3 d5 4. e3 Bg7 5. Nf3 O-O 6. h3 c5 7. Nb5 Na6 8. c3 c4 9. Na3 Ne4 10. Nd2 f5 11. Nxe4 fxe4 12. Be2 e5 13. dxe5 Nc5 14. O-O Nd3 15. Bxd3 exd3 16. Qd2 Qe7 17. Nb5 Bxe5 18. Bxe5 Qxe5 19. Nd4 Bd7 20. Rae1 Rae8 21. f4 Qd6 22. Rf3 a5 23. Rb1 b5 24. a3 b4 25. axb4 axb4 26. Ra1 Ra8 27. Rff1 Rfb8 28. Nf3 Rxa1 29. Rxa1 Qb6 30. Ne5 Be8 31. Ra2 bxc3 32. bxc3 Qb3 33. Ng4 Rb6 34. Kh2 Ba4 35. Nf2 Qb5 36. g4 Ra6 37. Qc1 Bb3 38. Ra3 d2 39. Qa1 Rxa3 40. Qxa3 d1=Q 41. Nxd1 Bxd1 42. Qe7 Qc6 43. Qd8+ Kf7 44. Qh8 Qf6 45. Qxh7+ Qg7 46. Qxg7+ Kxg7 47. Kg3 Kf6 48. Kh4 g5+ 49. Kg3 gxf4+ 50. Kxf4 Bc2 51. h4 Bd3 52. h5 Bc2 53. g5+ Ke6 54. g6 Kf6 55. Kg4 Bd1+ 56. Kh4 Bf3 57. g7 Kxg7 58. Kg5 Be4 59. h6+ Kh7 60. Kh5 Bd3 0-1

[Event "4NCL 2021-22"]
[Site "England"]
[Date "2022.03.26"]
[Round "5.63"]
[White "Schwartz, Julius"]
[Black "Dunn, Maxim"]
[Result "1-0"]
[ECO "B90"]
[WhiteElo "2088"]
[BlackElo "1742"]
[Annotator "NA"]
[PlyCount "50"]
[EventDate "2021.11.27"]
[EventType "team-tourn"]
[EventCountry "ENG"]
[SourceTitle "playchess.com"]
[Source "ChessBase"]
[SourceQuality "1"]
[TimeControl "40/6000+30:3000+30"]

1. e4 c5 2. Nf3 d6 3. d4 cxd4 4. Nxd4 Nf6 5. Nc3 a6 6. f3 e5 7. Nb3 Be7 8. Be3 Be6 9. Qd2 h5 10. Nd5 Nxd5 11. exd5 Bf5 12. Na5 Qc7 13. Nc4 Nd7 14. a4 O-O 15. a5 Rfe8 16. Be2 h4 17. O-O Rac8 18. Ra4 Nc5 19. Ra3 e4 20. Bd4 Bg6 21. f4 f5 22. g4 hxg3 23. Rxg3 e3 24. Qd1 Kf7 25. Bh5 Rh8 1-0

[Event "4NCL 2021-22"]
[Site "England"]
[Date "2022.03.26"]
[Round "5.64"]
[White "Mokhber-Garcia, Sebastian"]
[Black "Roy, Ali"]
[Result "0-1"]
[ECO "C00"]
[WhiteElo "1125"]
[BlackElo "1883"]
[Annotator "NA"]
[PlyCount "120"]
[EventDate "2021.11.27"]
[EventType "team-tourn"]
[EventCountry "ENG"]
[SourceTitle "playchess.com"]
[Source "ChessBase"]
[SourceQuality "1"]
[TimeControl "40/6000+30:3000+30"]

1. e4 e6 2. c4 d5 3. cxd5 exd5 4. Qb3 dxe4 5. Bc4 Qd7 6. Nc3 Nf6 7. d3 Nc6 8. Qa4 Nb4 9. Qb3 Nxd3+ 10. Bxd3 exd3 11. Bg5 Qe6+ 12. Kd2 Qxb3 13. axb3 Bb4 14. Bxf6 gxf6 15. Kxd3 Bf5+ 16. Kc4 c5 17. Re1+ Be6+ 18. Kd3 O-O-O+ 19. Kc2 Bf5+ 20. Kc1 Rd3 21. Re3 Rxe3 22. fxe3 Re8 23. Kd2 Rg8 24. Nge2 Rxg2 25. Rf1 Bxc3+ 26. Kxc3 Be4 27. Kd2 Rxh2 28. Rxf6 Bg6 29. Ke1 Kd7 30. Nf4 Rxb2 31. Nxg6 fxg6 32. Rf7+ Kc6 33. Rxh7 Rxb3 34. Kd2 Rb2+ 35. Kc3 Rg2 36. Rg7 a5 37. e4 b5 38. Kd3 Rg3+ 39. Kc2 a4 40. Ra7 c4 41. Ra6+ Kc5 42. e5 Re3 43. Re6 Kb4 44. Kd2 Re4 45. Re8 a3 46. Ra8 Rxe5 47. Kc2 Re2+ 48. Kb1 Kb3 49. Kc1 a2 50. Kd1 Rh2 51. Kc1 c3 52. Kd1 c2+ 53. Kc1 Rh1+ 54. Kd2 c1=Q+ 55. Kd3 Qc4+ 56. Ke3 Rh3+ 57. Kf2 Qc2+ 58. Kg1 Rh2 59. Ra3+ Kxa3 60. Kf1 Qf2# 0-1

[Event "4NCL 2021-22"]
[Site "England"]
[Date "2022.03.26"]
[Round "5.65"]
[White "Bisby, Daniel L"]
[Black "Turner, Max N"]
[Result "1-0"]
[ECO "B32"]
[WhiteElo "2296"]
[BlackElo "2223"]
[Annotator "ChessBase"]
[PlyCount "93"]
[EventDate "2021.11.27"]
[EventType "team-tourn"]
[EventCountry "ENG"]
[SourceTitle "playchess.com"]
[Source "ChessBase"]
[SourceQuality "1"]
[TimeControl "40/6000+30:3000+30"]

1. e4 c5 2. Nf3 Nc6 3. d4 cxd4 4. Nxd4 e5 5. Nb5 d6 6. c4 Be7 7. N1c3 a6 8. Na3 Be6 9. Nc2 h6 10. Be2 Bg5 11. O-O Nge7 12. b3 Be3 13. Bd2 Bxd2 14. Rc1 Ng6 15. Qxd2 Qg5 16. Qxg5 hxg5 17. Rfd1 O-O-O 18. b4 Nf4 19. b5 axb5 20. cxb5 Ne7 21. Ne3 Kb8 22. Bf1 Rh6 23. g3 Nfg6 24. Bc4 Nc8 25. Bxe6 fxe6 26. Rd2 Rhh8 27. a4 Rhf8 28. Rcd1 Rf7 29. Nb1 Rfd7 30. Nc3 Nge7 31. Rd3 Rc7 32. Kg2 Rc5 33. R1d2 b6 34. Na2 Kb7 35. Nb4 Rc1 36. Rd1 Rxd1 37. Rxd1 Rf8 38. Nc4 d5 39. exd5 Rd8 40. d6 Nf5 41. Nc6 Rd7 42. N6xe5 Nfxd6 43. Nxd7 Nxc4 44. Nf8 e5 45. Rd7+ Kb8 46. Rxg7 Nb2 47. Nd7+ 1-0

[Event "4NCL 2021-22"]
[Site "England"]
[Date "2022.03.26"]
[Round "5.66"]
[White "Taylor, Adam A"]
[Black "Tanmay Chopra"]
[Result "1/2-1/2"]
[ECO "A07"]
[WhiteElo "2277"]
[BlackElo "2313"]
[Annotator "ChessBase"]
[PlyCount "86"]
[EventDate "2021.11.27"]
[EventType "team-tourn"]
[EventCountry "ENG"]
[SourceTitle "playchess.com"]
[Source "ChessBase"]
[SourceQuality "1"]
[TimeControl "40/6000+30:3000+30"]

1. Nf3 d5 2. g3 Bg4 3. Bg2 e6 4. Ne5 Bh5 5. g4 Bd6 6. gxh5 Bxe5 7. d4 Bd6 8. Nc3 f5 9. Nb5 c6 10. Nxd6+ Qxd6 11. Qd3 Nd7 12. Qg3 Qe7 13. c3 O-O-O 14. Bf4 Ngf6 15. Qh4 Rde8 16. O-O-O Ne4 17. Qxe7 Rxe7 18. Rhf1 Rg8 19. h4 Rf7 20. Bh3 h6 21. f3 Nef6 22. Rg1 Re8 23. Bd6 Nxh5 24. Rde1 Nhf6 25. Rg6 Nf8 26. Bxf8 Rexf8 27. e4 Nh5 28. Rxe6 Nf4 29. Bxf5 Nd3+ 30. Kd2 Nxe1 31. Kxe1 Kd8 32. Rd6+ Kc7 33. Rg6 Re7 34. Kd2 Rf6 35. Rg2 h5 36. Rg5 g6 37. Rxg6 Rxg6 38. Bxg6 Rg7 39. Bxh5 Rg2+ 40. Kc1 Rh2 41. Bf7 Rxh4 42. exd5 Rf4 43. Be6 Rxf3 1/2-1/2

[Event "4NCL 2021-22"]
[Site "England"]
[Date "2022.03.26"]
[Round "5.67"]
[White "Hill, Alistair"]
[Black "Coathup, Roger H"]
[Result "1-0"]
[ECO "E97"]
[WhiteElo "2236"]
[BlackElo "2154"]
[Annotator "ChessBase"]
[PlyCount "81"]
[EventDate "2021.11.27"]
[EventType "team-tourn"]
[EventCountry "ENG"]
[SourceTitle "playchess.com"]
[Source "ChessBase"]
[SourceQuality "1"]
[TimeControl "40/6000+30:3000+30"]

1. d4 Nf6 2. c4 g6 3. Nc3 Bg7 4. e4 d6 5. Nf3 O-O 6. Be2 e5 7. O-O Bg4 8. Be3 Nc6 9. d5 Bxf3 10. Bxf3 Nd4 11. Bxd4 exd4 12. Qxd4 Re8 13. Qd2 Nd7 14. Rae1 Nb6 15. b3 Qf6 16. Nb5 Re7 17. e5 dxe5 18. c5 Nc8 19. Qa5 b6 20. Qa3 Rb8 21. d6 cxd6 22. cxd6 Rd7 23. Bg4 Rd8 24. Bxc8 Rbxc8 25. Qxa7 Ra8 26. Qxb6 Rxa2 27. Rd1 Bf8 28. Nc3 Raa8 29. Nd5 Qg5 30. d7 Kg7 31. f4 exf4 32. Qd4+ f6 33. Nxf4 Ra6 34. Kh1 Qe5 35. Qc4 Rd6 36. Rxd6 Bxd6 37. Qc8 Bc7 38. Qxc7 Qxc7 39. Ne6+ Kf7 40. Nxc7 Rxd7 41. Rc1 1-0

[Event "4NCL 2021-22"]
[Site "England"]
[Date "2022.03.26"]
[Round "5.70"]
[White "Longson, Sarah N"]
[Black "Stewart, Ashley"]
[Result "0-1"]
[ECO "B06"]
[WhiteElo "2022"]
[BlackElo "2062"]
[Annotator "ChessBase"]
[PlyCount "54"]
[EventDate "2021.11.27"]
[EventType "team-tourn"]
[EventCountry "ENG"]
[SourceTitle "playchess.com"]
[Source "ChessBase"]
[SourceQuality "1"]
[TimeControl "40/6000+30:3000+30"]

1. e4 g6 2. d4 Bg7 3. Nc3 d6 4. Be3 a6 5. Qd2 Nd7 6. O-O-O b5 7. Nf3 Bb7 8. d5 b4 9. Ne2 c5 10. dxc6 Bxc6 11. Ned4 Bxe4 12. Ng5 Ngf6 13. Nxe4 Nxe4 14. Qxb4 Nec5 15. Qd2 Qc7 16. Nb3 Nxb3+ 17. axb3 O-O 18. h4 a5 19. Bb5 Nc5 20. Bxc5 Qxc5 21. Qe2 Rab8 22. Ba4 Rfc8 23. h5 Rb4 24. hxg6 hxg6 25. Kb1 Rcb8 26. Qxe7 Rxa4 27. Rxd6 Ra1+ 0-1

[Event "4NCL 2021-22"]
[Site "England"]
[Date "2022.03.26"]
[Round "5.71"]
[White "Starley, Robert"]
[Black "Henderson, David"]
[Result "0-1"]
[ECO "C99"]
[WhiteElo "2053"]
[BlackElo "2108"]
[Annotator "NA"]
[PlyCount "100"]
[EventDate "2021.11.27"]
[EventType "team-tourn"]
[EventCountry "ENG"]
[SourceTitle "playchess.com"]
[Source "ChessBase"]
[SourceQuality "1"]
[TimeControl "40/6000+30:3000+30"]

1. e4 e5 2. Nf3 Nc6 3. Bb5 a6 4. Ba4 Nf6 5. O-O Be7 6. Re1 b5 7. Bb3 d6 8. c3 O-O 9. h3 Na5 10. Bc2 c5 11. d4 Qc7 12. Nbd2 cxd4 13. cxd4 Nc6 14. d5 Nb4 15. Bb1 a5 16. Nf1 Bd7 17. Bd2 Na6 18. Ng3 Rfe8 19. Bd3 Nc5 20. Bf1 h6 21. Rc1 Qb7 22. Rxc5 dxc5 23. Nxe5 Bd6 24. Nxd7 Qxd7 25. f4 c4 26. Qf3 Bb4 27. Bc3 Bxc3 28. Qxc3 Qa7+ 29. Kh2 Qf2 30. Qc1 Nxd5 31. Nh5 Qh4 32. g4 Nf6 33. Nxf6+ Qxf6 34. e5 Qb6 35. Bg2 Rad8 36. Qc2 Qd4 37. Rf1 Qe3 38. Rf3 Rd2 39. Rxe3 Rxc2 40. b3 Rd8 41. Kg3 Rxa2 42. bxc4 bxc4 43. Be4 Rb2 44. Kh4 Rb3 45. Re1 Rd2 46. Ra1 Rh2 47. g5 Rhxh3+ 48. Kg4 g6 49. f5 h5+ 50. Kf4 Rh4# 0-1

[Event "4NCL 2021-22"]
[Site "England"]
[Date "2022.03.26"]
[Round "5.72"]
[White "Gazis, Georgios"]
[Black "Chan, Nevil"]
[Result "1/2-1/2"]
[ECO "B00"]
[WhiteElo "1817"]
[BlackElo "2010"]
[Annotator "NA"]
[PlyCount "84"]
[EventDate "2021.11.27"]
[EventType "team-tourn"]
[EventCountry "ENG"]
[SourceTitle "playchess.com"]
[Source "ChessBase"]
[SourceQuality "1"]
[TimeControl "40/6000+30:3000+30"]

1. e4 b6 2. d4 Bb7 3. Bd3 Nf6 4. Qe2 Nc6 5. c3 e5 6. Nf3 d6 7. Nbd2 g6 8. d5 Ne7 9. O-O Bg7 10. Nc4 h6 11. a4 a5 12. Be3 O-O 13. Nfd2 Bc8 14. Na3 Ng4 15. Nb5 f5 16. f3 Nxe3 17. Qxe3 Bd7 18. b4 Bf6 19. Nb3 Bg5 20. Qe2 Nc8 21. g3 fxe4 22. Qxe4 Ne7 23. h4 Bf6 24. Kg2 axb4 25. cxb4 Bf5 26. Qc4 Bxd3 27. Qxd3 e4 28. Qxe4 Bxa1 29. Rxa1 Nf5 30. N3d4 Qf6 31. Qe6+ Qxe6 32. Nxe6 Ne3+ 33. Kf2 Nxd5 34. Nxf8 Kxf8 35. Rd1 c6 36. Nxd6 Rxa4 37. b5 Ra2+ 38. Ke1 Nb4 39. bxc6 Nxc6 40. Rb1 Ne5 41. f4 Nf3+ 42. Kd1 Rd2+ 1/2-1/2

[Event "4NCL 2021-22"]
[Site "England"]
[Date "2022.03.26"]
[Round "5.73"]
[White "Cumming, Rhys"]
[Black "Stoyanov, Viktor"]
[Result "1-0"]
[ECO "B30"]
[WhiteElo "2360"]
[BlackElo "2236"]
[Annotator "ChessBase"]
[PlyCount "43"]
[EventDate "2021.11.27"]
[EventType "team-tourn"]
[EventCountry "ENG"]
[SourceTitle "playchess.com"]
[Source "ChessBase"]
[SourceQuality "1"]
[TimeControl "40/6000+30:3000+30"]

1. e4 c5 2. Nf3 Nc6 3. Bb5 e5 4. O-O Bd6 5. d4 exd4 6. c3 a6 7. Bc4 Nge7 8. cxd4 cxd4 9. Ng5 Ne5 10. Qxd4 Qc7 11. Bxf7+ Nxf7 12. Qxg7 Rf8 13. Nxh7 Bxh2+ 14. Kh1 Rh8 15. f4 Qc4 16. Nd2 Qe2 17. Rf3 Bxf4 18. Nf1 Qxe4 19. Qxh8+ Nxh8 20. Nf6+ Kd8 21. Nxe4 Bxc1 22. Rf8+ 1-0

[Event "4NCL 2021-22"]
[Site "England"]
[Date "2022.03.26"]
[Round "5.74"]
[White "Povah, Nigel E"]
[Black "Kolani, Arjun"]
[Result "1/2-1/2"]
[ECO "D00"]
[WhiteElo "2245"]
[BlackElo "2035"]
[Annotator "ChessBase"]
[PlyCount "94"]
[EventDate "2021.11.27"]
[EventType "team-tourn"]
[EventCountry "ENG"]
[SourceTitle "playchess.com"]
[Source "ChessBase"]
[SourceQuality "1"]
[TimeControl "40/6000+30:3000+30"]

1. d4 Nf6 2. Bg5 d5 3. Bxf6 gxf6 4. c4 dxc4 5. e3 c5 6. Bxc4 cxd4 7. exd4 Bg7 8. Ne2 Nc6 9. Nbc3 O-O 10. O-O f5 11. d5 Ne5 12. Bb3 Qd6 13. h3 Bd7 14. Nd4 Ng6 15. Qd2 a5 16. Bc2 Qf6 17. Rfd1 Rac8 18. Bb3 a4 19. Bc2 a3 20. Nce2 axb2 21. Rab1 Ne5 22. Bb3 Nc4 23. Qb4 b5 24. a4 Qd6 25. Qxd6 Nxd6 26. axb5 Bxb5 27. Rxb2 Rb8 28. Ba2 Bxe2 29. Rxe2 Bxd4 30. Rxd4 Ne4 31. Bc4 Rb4 32. d6 Rb1+ 33. Kh2 Nxd6 34. Rxe7 Nxc4 35. Rxc4 Kg7 36. Re5 Kg6 37. Rf4 f6 38. Rexf5 Rb6 39. g4 Ra8 40. h4 Ra3 41. g5 fxg5 42. Rxg5+ Kh6 43. Rf7 Rg6 44. Rg3 Rgxg3 45. fxg3 Kg6 46. Rb7 Ra2+ 47. Kh3 h5 1/2-1/2

[Event "4NCL 2021-22"]
[Site "England"]
[Date "2022.03.26"]
[Round "5.75"]
[White "Graham, David B"]
[Black "Price, Gwilym"]
[Result "1/2-1/2"]
[ECO "B30"]
[WhiteElo "2128"]
[BlackElo "2097"]
[Annotator "NA"]
[PlyCount "45"]
[EventDate "2021.11.27"]
[EventType "team-tourn"]
[EventCountry "ENG"]
[SourceTitle "playchess.com"]
[Source "ChessBase"]
[SourceQuality "1"]
[TimeControl "40/6000+30:3000+30"]

1. e4 c5 2. Nf3 e6 3. Nc3 Nc6 4. Bb5 Nd4 5. Bc4 Nf6 6. O-O a6 7. d3 b5 8. Bb3 Nxb3 9. axb3 Bb7 10. e5 Nd5 11. Nxd5 Bxd5 12. Ng5 f6 13. Ne4 h5 14. Qf3 Be7 15. Qg3 Kf7 16. Be3 h4 17. Qf4 Qc7 18. Bxc5 Bxc5 19. Nxf6 gxf6 20. Qxf6+ Kg8 21. Qg6+ Kf8 22. Qf6+ Kg8 23. Qg6+ 1/2-1/2

[Event "4NCL 2021-22"]
[Site "England"]
[Date "2022.03.26"]
[Round "5.76"]
[White "Granat, Russell G"]
[Black "Payne, Matthew J"]
[Result "1/2-1/2"]
[ECO "A15"]
[WhiteElo "2173"]
[BlackElo "2158"]
[Annotator "NA"]
[PlyCount "128"]
[EventDate "2021.11.27"]
[EventType "team-tourn"]
[EventCountry "ENG"]
[SourceTitle "playchess.com"]
[Source "ChessBase"]
[SourceQuality "1"]
[TimeControl "40/6000+30:3000+30"]

1. Nf3 Nf6 2. g3 g6 3. b3 Bg7 4. Bb2 O-O 5. Bg2 d6 6. c4 e5 7. O-O Nc6 8. Nc3 h6 9. Rc1 Be6 10. d4 exd4 11. Nxd4 Nxd4 12. Qxd4 Qd7 13. Ne4 Ne8 14. Qxg7+ Nxg7 15. Nf6+ Kh8 16. Nxd7 Bxd7 17. Bxb7 Rab8 18. Bf3 a5 19. c5 a4 20. Ba3 Ne8 21. b4 Kg8 22. Rfd1 Be6 23. Rd2 Ng7 24. cxd6 cxd6 25. Bc6 Rfc8 26. b5 Ne8 27. e4 Rb6 28. Bb2 Kf8 29. a3 Ke7 30. Rd4 Bd7 31. Bxd7 Kxd7 32. Rxc8 Kxc8 33. Rxa4 Rxb5 34. Bd4 Nc7 35. Be3 g5 36. h3 Kd7 37. Kg2 f5 38. exf5 Rxf5 39. h4 gxh4 40. Rxh4 h5 41. a4 Nd5 42. Bd4 Kc6 43. Re4 Nc7 44. Bc3 Nd5 45. Rc4+ Kb6 46. Bd2 Nf6 47. a5+ Ka6 48. f3 Rd5 49. Bc3 Nd7 50. f4 Rd3 51. Rd4 Rxd4 52. Bxd4 Kxa5 53. Kh3 Kb4 54. Kh4 Kc4 55. Bb2 Kd3 56. Kxh5 Ke4 57. Kg5 d5 58. g4 d4 59. f5 d3 60. Bc3 Kf3 61. Bb4 Nc5 62. Kh5 Ne4 63. g5 Kf4 64. g6 Ng3+ 1/2-1/2

[Event "4NCL 2021-22"]
[Site "England"]
[Date "2022.03.26"]
[Round "5.77"]
[White "Willson, Ollie"]
[Black "Punnett, Alan K"]
[Result "1/2-1/2"]
[ECO "E32"]
[WhiteElo "2108"]
[BlackElo "2032"]
[Annotator "NA"]
[PlyCount "156"]
[EventDate "2021.11.27"]
[EventType "team-tourn"]
[EventCountry "ENG"]
[SourceTitle "playchess.com"]
[Source "ChessBase"]
[SourceQuality "1"]
[TimeControl "40/6000+30:3000+30"]

1. d4 Nf6 2. c4 e6 3. Nc3 Bb4 4. Qc2 O-O 5. e4 c5 6. Nf3 cxd4 7. Nxd4 Nc6 8. Nxc6 dxc6 9. e5 Ng4 10. a3 Bc5 11. Ne4 Bd4 12. f4 f5 13. exf6 Nxf6 14. Bd3 e5 15. Bd2 Nxe4 16. Bxe4 Qh4+ 17. g3 Qh5 18. c5 Be6 19. Qd3 Rae8 20. Qe2 Qxe2+ 21. Kxe2 exf4 22. Kd3 Bxb2 23. Rab1 Bxa3 24. Rxb7 Rd8+ 25. Kc2 Bxc5 26. Bc3 Bd4 27. Ra1 f3 28. Raxa7 Bf7 29. Bxd4 Rxd4 30. Bxh7+ Kxh7 31. Rxf7 Rxf7 32. Rxf7 Ra4 33. Kb3 Re4 34. Rxf3 Kg6 35. Kc3 Re2 36. h3 Rh2 37. h4 Kh5 38. Rf5+ Kg6 39. Rc5 Rg2 40. Rxc6+ Kh7 41. Kd4 Rxg3 42. Ke5 Rg4 43. Kf5 Rxh4 44. Kg5 Rh1 45. Ra6 Rg1+ 46. Kf5 Rb1 47. Ra2 Rb5+ 48. Kg4 Re5 49. Ra1 Kg6 50. Ra6+ Kf7 51. Ra7+ Kf6 52. Ra6+ Re6 53. Rxe6+ Kxe6 54. Kg5 Kf7 55. Kf5 g6+ 56. Kg5 Kg7 57. Kg4 Kf6 58. Kf4 g5+ 59. Kg4 Kg6 60. Kg3 Kf5 61. Kf3 Ke5 62. Kg4 Kf6 63. Kg3 Kg6 64. Kg4 Kh6 65. Kg3 Kh5 66. Kh3 g4+ 67. Kg3 Kg5 68. Kg2 Kf4 69. Kf2 Kg5 70. Kg3 Kf5 71. Kg2 Kf4 72. Kf2 g3+ 73. Kg2 Kg4 74. Kg1 Kf4 75. Kg2 Kg4 76. Kg1 Kf3 77. Kf1 g2+ 78. Kg1 Kg3 1/2-1/2

[Event "4NCL 2021-22"]
[Site "England"]
[Date "2022.03.26"]
[Round "5.78"]
[White "Shepley, Julien M"]
[Black "Bucher, Grant W"]
[Result "0-1"]
[ECO "C32"]
[WhiteElo "1865"]
[BlackElo "2060"]
[Annotator "ChessBase"]
[PlyCount "62"]
[EventDate "2021.11.27"]
[EventType "team-tourn"]
[EventCountry "ENG"]
[SourceTitle "playchess.com"]
[Source "ChessBase"]
[SourceQuality "1"]
[TimeControl "40/6000+30:3000+30"]

1. e4 e5 2. Nc3 Nf6 3. Bc4 Bc5 4. f4 d5 5. exd5 e4 6. d4 exd3 7. Qxd3 O-O 8. Bd2 Ng4 9. Ne4 Bf5 10. O-O-O Nf2 11. Nxf2 Bxd3 12. Nxd3 Bd6 13. Nf3 Nd7 14. g3 Nb6 15. Bb3 a5 16. a3 Re8 17. Rhe1 a4 18. Ba2 Rxe1 19. Bxe1 Qe7 20. Bf2 Re8 21. Bxb6 cxb6 22. Nde5 b5 23. c3 f6 24. Re1 Qd8 25. Nd3 Rxe1+ 26. Nfxe1 Qe8 27. Ng2 Qe2 28. Nde1 Bxa3 29. bxa3 Qxa2 30. Nc2 Qxd5 31. Nge3 Qh1+ 0-1